 Dungeon Crawl Stone Soup version 0.30.0-15-g856e2d3f33 (webtiles) character file.

Game seed: 17255805100432970950

26 Strat the Magician (level 2, -2/18 (22) HPs)
             Began as a Mummy Reaver on May 19, 2023.
             Slain by a gnoll
             ... wielding a +0 flail
              (9 damage)
             ... on level 1 of the Dungeon.
             The game lasted 00:01:51 (793 turns).

Strat the Magician (Mummy Reaver)                    Turns: 793, Time: 00:01:52

HP:   -2/18 (22)    AC:  4    Str: 15    XL:     2   Next: 89%
MP:   6/7           EV: 11    Int: 12    God:
Gold: 55            SH:  0    Dex: 10    Spells: 6/9 levels left

rFire   x . .        a - +0 mace
rCold   + . .        (no shield)
rNeg    + + +        b - +0 leather armour
rPois   ∞            (no helmet)
rElec   .            d - +0 cloak
rCorr   .            (no gloves)
SInv    .            (no boots)
Will    .....        (no amulet)
Stlth   +            (no ring)
HPRegen 0.23/turn    (no ring)
MPRegen 0.10/turn

%: faith
@: heavily drained
A: cold resistance 1, negative energy resistance 3, torment resistance 2, heat
vulnerability 1, no potions, faith
a: no special abilities


You were on level 1 of the Dungeon.
You visited 1 branch of the dungeon, and saw 2 of its levels.

You collected 55 gold pieces.

Inventory:

Hand Weapons
 a - a +0 mace (weapon)
Missiles
 g - 6 poisoned darts
Armour
 b - a +0 leather armour (worn)
 d - a +0 cloak (worn)
Scrolls
 c - a scroll of teleportation {unknown}
 e - 2 scrolls of identify {unknown}
 f - a scroll of fear {unknown}


   Skills:
 - Level 2.0 Fighting
 - Level 2.4 Maces & Flails
 - Level 1.5 Dodging
 + Level 4.1 Spellcasting
 + Level 2.5 Conjurations
 + Level 0.3 Translocations


You had 6 spell levels left.
You knew the following spells:

 Your Spells              Type           Power      Damage    Failure   Level
a - Kiss of Death         Conj/Necr      20%        2d7       16%         1
b - Momentum Strike       Conj/Tloc      10%        3d8       22%         2

Your spell library contained the following spells:

 Spells                   Type           Power      Damage    Failure   Level
 Hailstorm                Conj/Ice       5%         3d4       43%         3


Dungeon Overview and Level Annotations

Branches:
Dungeon (2/15)

Altars:

Shops:
D:1 [


Innate Abilities, Weirdness & Mutations

You are immune to poison.
Your flesh is cold resistant. (rC+)
You are immune to negative energy. (rN+++)
You are immune to unholy pain and torment.
You are vulnerable to heat. (rF-)
You do not drink.
You have a special connection with the divine. (Faith)


Message History

A gnoll comes into view. It is wielding a +0 club.
A gnoll comes into view. It is wielding a +0 flail.
The gnoll shouts! x2
You sock the giant cockroach!
You kill the giant cockroach!
You hit the rat but do no damage. The rat closely misses you.
You barely miss the rat. The rat closely misses you.
You hit the rat.
You kill the rat!
The gnoll hits you with a +0 flail!
* * * LOW HITPOINT WARNING * * *
You see here a giant cockroach corpse.
The gnoll attacks as you move away! The gnoll hits you with a +0 flail.
* * * LOW HITPOINT WARNING * * *
The gnoll attacks as you move away! The gnoll hits you with a +0 flail.
* * * LOW HITPOINT WARNING * * *
There is a stone staircase leading up here.
The gnoll misses you.
You climb upwards.
There is a stone staircase leading down here.
Casting: Kiss of Death (safe; 16% risk of failure)
Confirm with . or Enter, or press ? or * to list all spells.
Aiming: Kiss of Death (safe; 16% risk of failure)
Press: ? - help, Shift-Dir - straight line, f - gnoll
Aim: a gnoll, wielding a +0 flail (100% to hit)
The negative energy hits the gnoll.
The gnoll is drained!
The gnoll is heavily wounded.
You feel drained. The gnoll barely misses you.
You barely miss the gnoll.
The gnoll is heavily wounded.
The gnoll misses you.
You barely miss the gnoll.
The gnoll is heavily wounded.
The gnoll hits you with a +0 flail.
* * * LOW HITPOINT WARNING * * *
You hit the gnoll but do no damage.
The gnoll is heavily wounded.
The gnoll hits you with a +0 flail!
Ouch! That really hurt!
You die...

..<.....!'.#..# #.#
##.####.####..# #.#
##.###.## #..# #.#
##.##.## ###..# #.#
.#.#.#####....# #.#
#...###.#####.# #.#
..!## #.# #..# #.#
##'# ##.####.####g#
#..# #..........@.#
#.####.#####.######
....##.#####.#
###..........#
.......#######
######## # # #


You could see a gnoll (very drained).

Vanquished Creatures
  2 dart slugs (D:1)
  An endoplasm (D:1)
  2 giant cockroaches
  4 goblins (D:1)
  A hobgoblin (D:1)
  2 jackals (D:1)
  2 quokkas (D:1)
  A ball python (D:1)
  A bat (D:1)
  2 kobolds (D:1)
  2 rats
20 creatures vanquished.

Notes
Turn   | Place    | Note
-------+----------+-------------------------------------------
     0 | D:1      | Strat the Mummy Reaver began the quest for the Orb.
     0 | D:1      | Reached XP level 1. HP: 16/16 MP: 4/4
   128 | D:1      | Reached skill level 3 in Spellcasting
   196 | D:1      | Reached XP level 2. HP: 17/21 MP: 4/6
   237 | D:1      | Found Bylioq's Antique Armour Shoppe.
   343 | D:1      | Reached skill level 4 in Spellcasting
   378 | D:1      | Learned a level 2 spell: Momentum Strike
   793 | D:1      | Slain by a gnoll

Illustrated notes

Levels and vault maps discovered:
D:1:      roderic_octagonal_star, layout_loops_ring, serial_shops, shop
D:2:      layout_rooms, moated_statue

Skill      XL: |  1  2 |
---------------+-------+-----
Spellcasting   | 3 4 |  4.1
Fighting       | |  2.0
Maces & Flails | |  2.4
Dodging        | |  1.5
Conjurations   | |  2.5
Translocations | |  0.3

Action                     || total
---------------------------++-------
  Melee: Mace              ||    74
   Cast: Kiss of Death     ||     2
 Armour: Leather armour    ||    25
  Dodge: Dodged            ||    50
